 Dungeon Crawl Stone Soup version 0.31-a0-542-gdc2a67831c (webtiles) character file.

Game seed: 2388275544414324454

8452 bmack86 the Severer (level 11, -1/82 HPs)
             Began as a Minotaur Fighter on Aug 15, 2023.
             Was a High Priest of Okawaru.
             Slain by Snorg (19 damage)
             ... on level 10 of the Dungeon.
             The game lasted 00:22:44 (9100 turns).

bmack86 the Severer (Minotaur Fighter)              Turns: 9100, Time: 00:22:44

Health: -1/82      AC: 15    Str: 25    XL:     11   Next: 10%
Magic:  16/16      EV:  6    Int: 11    God:    Okawaru [*****.]
Gold:   556        SH:  7    Dex: 10    Spells: 10/10 levels left

rFire   . . .        G - +1 war axe (elec)
rCold   . . .        H - +2 buckler
rNeg    . . .        q - +0 plate armour
rPois   +            (helmet restricted)
rElec   .            D - +2 cloak {rPois}
rCorr   .            w - +0 pair of gloves
SInv    .            (no boots)
Will    +....        f - amulet of regeneration Stlth
                     k - +6 ring of intelligence
HPRegen 1.13/turn    v - ring of willpower
MPRegen 0.15/turn

%: no passive effects
@: no status effects
A: horns 2, retaliatory headbutt
a: Renounce Religion, Heroism, Finesse, Duel


You were on level 10 of the Dungeon.
You worshipped Okawaru.
Okawaru was extremely pleased with you.
You visited 2 branches of the dungeon, and saw 11 of its levels.
You also visited: Ossuary.

You collected 556 gold pieces.

Inventory:

Hand Weapons
 a - a +1 war axe
 G - a +1 war axe of electrocution (weapon)
Missiles
 g - 16 boomerangs (quivered)
 y - 2 javelins
Armour
 b - a +0 scale mail
 c - a +0 buckler
 o - a +0 chain mail
 q - a +0 plate armour (worn)
 w - a +0 pair of gloves (worn)
 D - a +2 cloak of poison resistance (worn)
 H - a +2 buckler (worn)
 K - a +1 pair of boots
Jewellery
 f - an amulet of regeneration (around neck)
 k - a +6 ring of intelligence (left hand)
 v - a ring of willpower (right hand)
 C - a ring of wizardry
 E - a ring of protection from fire
 J - a ring of poison resistance
 M - a ring of protection from fire
Wands
 s - a wand of mindburst (23)
 F - a wand of iceblast (3)
Scrolls
 m - 5 scrolls of teleportation
 n - 4 scrolls of fog
 r - 2 scrolls of fear
 t - 3 scrolls of revelation
 x - a scroll of immolation {unknown}
 B - a scroll of enchant armour {unknown}
 I - a scroll of amnesia
 L - a scroll of butterflies {unknown}
Potions
 d - 3 potions of might
 e - 4 potions of lignification
 h - 9 potions of curing
 i - 2 potions of mutation
 j - a potion of resistance
 l - a potion of haste
 p - 3 potions of heal wounds
 u - 2 potions of brilliance
 z - a potion of enlightenment
 A - a potion of invisibility


   Skills:
 - Level 3.6 Fighting
 * Level 17.5 Axes
 - Level 3.6 Armour
 - Level 5.0 Shields
 - Level 8.0 Invocations


You had 10 spell levels left.
You didn't know any spells.
Your spell library contained the following spells:

 Spells                   Type           Power      Damage    Failure   Level
 Kiss of Death            Conj/Necr      0%         2d5       100%        1
 Sandblast                Erth           0%         2d4       100%        1
 Sting                    Tmut/Pois      0%         1d3       100%        1
 Passwall                 Tmut/Erth      0%         N/A       100%        2
 Poisonous Vapours        Pois/Air       0%         N/A       100%        2
 Sublimation of Blood     Necr           0%         N/A       100%        2
 Wereblood                Tmut           0%         N/A       100%        2
 Confusing Touch          Hex            0%         N/A       100%        3
 Mephitic Cloud           Conj/Pois/Air  0%         N/A       100%        3
 Portal Projectile        Hex/Tloc       0%         N/A       100%        3
 Stone Arrow              Conj/Erth      0%         3d7       100%        3
 Anguish                  Hex/Necr       0%         N/A       100%        4
 Cause Fear               Hex            0%         N/A       100%        4
 Dispel Undead            Necr           0%         3d6       100%        4
 Leda's Liquefaction      Hex/Erth       0%         N/A       100%        4
 Olgreb's Toxic Radiance  Pois           0%         N/A       100%        4
 Freezing Cloud           Conj/Ice/Air   0%         6-21      100%        5
 Enfeeble                 Hex            0%         N/A       100%        7
 Lehudib's Crystal Spear  Conj/Erth      0%         10d2      100%        8
 Chain Lightning          Conj/Air       0%         N/A       100%        9
 Fire Storm               Conj/Fire      0%         5d1       100%        9
 Shatter                  Erth           0%         3d5*      100%        9
 Call Canine Familiar     Summ           Unusable   N/A       N/A         3
 Animate Armour           Summ/Erth      Unusable   N/A       N/A         4
 Summon Hydra             Summ           Unusable   N/A       N/A         7

Dungeon Overview and Level Annotations

Branches:
Dungeon (10/15)            Temple (1/1) D:4            Lair (0/5) D:9
    Orc (0/2) D:10        Ossuary (visited)

Altars:
Ashenzari
Cheibriados
Dithmenos
Elyvilon
Fedhas
Gozag
Hepliaklqana
Kikubaaqudgha
Makhleb
Nemelex Xobeh
Okawaru
Qazlal
Ru
Sif Muna
Trog
Uskayaw
Vehumet
Wu Jian
Xom
Yredelemnul
Zin
The Shining One

Annotations:
D:9 6 transporters, cforsyth's ghost, novice GnAr
D:10 Snorg


Innate Abilities, Weirdness & Mutations

You have a pair of horns on your head.
You reflexively headbutt those who attack you in melee.


Message History

Snorg claws you but does no damage. You block Snorg's attack.
You slash Snorg! Lightning courses through Snorg! You headbutt Snorg!
Snorg is moderately wounded.
Snorg bites you but does no damage. Snorg claws you!
Snorg claws you but does no damage.
You hit Snorg.
Snorg is moderately wounded.
You block Snorg's attack. Snorg claws you. Snorg barely misses you.
Snorg bites you! You block Snorg's attack. Snorg barely misses you.
You closely miss Snorg. Your headbutt misses Snorg.
Snorg is moderately wounded.
You block Snorg's attack. Snorg claws you. x2
You slash Snorg!
Snorg is moderately wounded.
Snorg bites you. Snorg claws you. Snorg closely misses you.
You slash Snorg! Lightning courses through Snorg! Your headbutt misses Snorg.
Snorg is heavily wounded.
Snorg barely misses you. You furiously retaliate!
You headbutt Snorg. Snorg claws you! Snorg claws you!!
* * * LOW HITPOINT WARNING * * *
You slash Snorg!
Snorg is severely wounded.
Snorg bites you.
* * * LOW HITPOINT WARNING * * *
Snorg barely misses you. You block Snorg's attack.
You hit Snorg. You headbutt Snorg.
Snorg is severely wounded.
Snorg bites you but does no damage. You block Snorg's attack. x2
You slash Snorg! You headbutt Snorg!
Snorg is almost dead.
Snorg bites you but does no damage. You block Snorg's attack.
Snorg barely misses you.
You slash Snorg!
Snorg is almost dead.
You block Snorg's attack. Snorg barely misses you. Snorg claws you!
* * * LOW HITPOINT WARNING * * *
You closely miss Snorg. You headbutt Snorg.
Snorg is almost dead.
Snorg bites you!!
You die...

.###....####.....#
#...### #.#..## #....##
#....# ##.....## #....##
##.......###.....#
##.................
######..................
...............##....>..
......T@......####......
.........#...## ##.....
#......###...# #.....
#......##...## ##....
#.....##...## ##....
#..........# #.....
#..........## ##.....
#...######..## ##....##
##..####....###


You could see Snorg (berserk).

Vanquished Creatures
  Jeremiah (D:8)
  Maurice (D:8)
  Psyche (D:10)
  Maggie (D:7)
  A troll (D:9)
  Sigmund (D:6)
  2 shadows (D:10)
  5 wyverns
  3 yaks (D:9)
  2 wraiths
  2 steam dragons
  Menkaure (D:7)
  2 water moccasins
  Edmund (D:5)
  An acid dragon (D:10)
  4 orc warriors
  A sky beast (D:7)
  3 ogres
  2 centaurs
  2 phantoms (D:10)
  An elf zombie (Ossuary)
  2 bullfrogs
  A gnoll sergeant (D:9)
  4 scorpions
  A water moccasin zombie (D:5)
  12 wights
  A water moccasin skeleton (D:5)
  A troll zombie (D:10)
  9 killer bees
  A howler monkey (D:6)
  5 centaur zombies
  2 bullfrog zombies (D:5)
  4 hounds
  4 orc priests
  A bullfrog skeleton (D:5)
  3 iguanas
  3 orc wizards
  Natasha (thrice) (D:2)
  7 ogre zombies (D:10)
  2 mummies (Ossuary)
  A howler monkey zombie (D:5)
  6 gnolls
  5 adders
  A white imp (D:7)
  A worm zombie (D:4)
  A worm (D:4)
  2 dart slugs
  23 orcs
  5 bats
  7 endoplasms
  A giant cockroach (D:3)
  6 goblins
  9 hobgoblins
  6 jackals (D:4)
  4 kobolds
  6 quokkas
  4 ball pythons
  5 frilled lizards
  2 goblin skeletons (D:10)
  5 goblin zombies
  3 hobgoblin skeletons (D:10)
  11 hobgoblin zombies
  2 jackal zombies (Ossuary)
  14 kobold zombies (Ossuary)
  2 orc skeletons (D:10)
  19 orc zombies
  3 rats (D:3)
  A rat zombie (Ossuary)
259 creatures vanquished.

Vanquished Creatures (others)
  Erolcha (D:9)
1 creature vanquished.

Grand Total: 260 creatures vanquished

Notes
Turn   | Place    | Note
-------+----------+-------------------------------------------
     0 | D:1      | bmack86 the Minotaur Fighter began the quest for the Orb.
     0 | D:1      | Reached XP level 1. HP: 19/19 MP: 0/0
    39 | D:1      | You fall into a shaft and drop 1 floor!
    51 | D:2      | Reached XP level 2. HP: 26/26 MP: 1/1
   135 | D:1      | Reached skill level 3 in Axes
   413 | D:1      | Reached XP level 3. HP: 11/31 MP: 2/2
   664 | D:2      | Noticed Natasha
   667 | D:2      | Found a shadowy altar of Dithmenos.
   669 | D:2      | Killed Natasha
   670 | D:2      | Reached skill level 5 in Shields
   722 | D:2      | Noticed Natasha
   730 | D:2      | Killed Natasha
   731 | D:2      | Reached skill level 4 in Axes
   731 | D:2      | Reached XP level 4. HP: 28/39 MP: 3/3
   995 | D:2      | Noticed Natasha
  1005 | D:2      | Killed Natasha
  1006 | D:2      | Reached skill level 5 in Axes
  1114 | D:2      | Found a faded altar of an unknown god.
  1642 | D:3      | Found a hide-covered altar of Uskayaw.
  1642 | D:3      | Noticed a +0 hand axe
  1644 | D:3      | Noticed a +0 dagger
  1788 | D:3      | Noticed a water moccasin
  1794 | D:3      | Killed a water moccasin
  1795 | D:3      | Reached skill level 6 in Axes
  1795 | D:3      | Reached XP level 5. HP: 39/45 MP: 4/4
  2459 | D:4      | Reached XP level 6. HP: 51/51 MP: 5/5
  2466 | D:4      | Reached skill level 7 in Axes
  2538 | D:4      | Identified the +0 ring mail of Ethics {Rampage}
  2591 | D:4      | Found a sand-covered staircase.
  2722 | D:4      | Found a staircase to the Ecumenical Temple.
  2732 | Temple   | Entered the Ecumenical Temple
  2737 | Temple   | Became a worshipper of Warmaster Okawaru
  2875 | Ossuary  | Entered an ossuary
  3051 | Ossuary  | Reached skill level 1 in Invocations
  3066 | Ossuary  | Reached * piety under Okawaru
  3067 | Ossuary  | Reached skill level 8 in Axes
  3067 | Ossuary  | Reached XP level 7. HP: 17/57 MP: 5/7
  3628 | D:4      | Found a stormy altar of Qazlal.
  3859 | D:5      | Entered Level 5 of the Dungeon
  4020 | D:5      | Noticed a steam dragon
  4028 | D:5      | Killed a steam dragon
  4029 | D:5      | Reached skill level 9 in Axes
  4178 | D:5      | Reached ** piety under Okawaru
  4294 | D:5      | Reached XP level 8. HP: 64/64 MP: 9/9
  4597 | D:5      | Noticed Edmund
  4606 | D:5      | Killed Edmund
  4607 | D:5      | Reached skill level 10 in Axes
  5144 | D:6      | Found a burning altar of Makhleb.
  5188 | D:6      | Identified the +1 ring mail "Rolliohi" {Str+4}
  5310 | D:6      | Reached skill level 11 in Axes
  5443 | D:6      | Found a shadowy altar of Dithmenos.
  5523 | D:6      | Reached skill level 5 in Invocations
  5545 | D:6      | Reached *** piety under Okawaru
  5867 | D:6      | Noticed Sigmund
  5885 | D:6      | Killed Sigmund
  5960 | D:6      | Reached skill level 12 in Axes
  5960 | D:6      | Reached XP level 9. HP: 67/70 MP: 12/12
  6259 | D:7      | Noticed Maggie
  6276 | D:7      | Killed Maggie
  6357 | D:7      | Found a hazy altar of Hepliaklqana.
  6584 | D:7      | Reached skill level 13 in Axes
  6636 | D:7      | Identified the +6 quarterstaff of Disorder {freeze, rF+
                  | Will+}
  6675 | D:7      | Noticed Menkaure
  6682 | D:7      | Killed Menkaure
  6922 | D:7      | Found a blossoming altar of Fedhas.
  7005 | D:7      | Reached **** piety under Okawaru
  7062 | D:8      | Noticed Maurice
  7103 | D:8      | Killed Maurice
  7219 | D:8      | Noticed Jeremiah
  7234 | D:8      | Killed Jeremiah
  7235 | D:8      | Reached skill level 14 in Axes
  7235 | D:8      | Reached XP level 10. HP: 58/77 MP: 14/14
  7830 | D:9      | Found a transporter.
  7836 | D:9      | Found a transporter.
  7859 | D:9      | Found a transporter.
  7859 | D:9      | Found a transporter.
  7867 | D:9      | Found a transporter.
  7869 | D:9      | Found a transporter.
  7870 | D:9      | Noticed cforsyth's ghost (novice GnAr)
  7944 | D:9      | Found a staircase to the Lair.
  8087 | D:9      | Found an ornate altar of the Wu Jian Council.
  8092 | D:9      | Reached skill level 15 in Axes
  8169 | D:9      | Found a transporter.
  8175 | D:9      | Identified the +0 ring mail of Haunted Happiness {rF+++ rC-
                  | Str-2}
  8176 | D:9      | Found a transporter.
  8200 | D:9      | Reached ***** piety under Okawaru
  8259 | D:9      | Noticed Erolcha
  8270 | D:9      | Killed Erolcha
  8271 | D:9      | Reached skill level 16 in Axes
  8646 | D:10     | Entered Level 10 of the Dungeon
  8708 | D:10     | Noticed Psyche
  8724 | D:10     | Killed Psyche
  8725 | D:10     | Reached skill level 17 in Axes
  8798 | D:10     | Reached XP level 11. HP: 49/82 MP: 14/16
  8837 | D:10     | Found a staircase to the Orcish Mines.
  8865 | D:10     | Identified the +1 robe of the Solstice {Will- Int+4 Dex+3}
  9086 | D:10     | Noticed Snorg
  9100 | D:10     | Slain by Snorg

Illustrated notes

Levels and vault maps discovered:
D:1:      saegor_arrival_simple_b, layout_basic, hangedman_feature_mirror
D:2:      minmay_skewed_foursquare, layout_basic, basic_altar,
          chequers_ecumenical_altar_simple, uniq_natasha
D:3:      layout_loops_ring, dancing_weapons_uskayaw, serial_aquarium,
          aquarium_bridge_square [aquarium_subvault_bridge,
          aquarium_subvault_window, aquarium_subvault_wall,
          aquarium_subvault_window], aquarium_bridge_square
          [aquarium_subvault_bridge, aquarium_subvault_wall,
          aquarium_subvault_bridge, aquarium_subvault_wall], aquarium_window_1,
          aquarium_window_fake, aquarium_window_2, aquarium_view_4
D:4:      nicolae_cairo_tiling_large_dashed, layout_basic,
          mainiacjoe_overflow_brackets, minmay_temple_entry_junction,
          enter_ossuary_3
D:5:      layout_basic, serial_undead, serial_undead_a, serial_undead_c,
          serial_undead_e, serial_undead_d, uniq_edmund
D:6:      layout_basic, mainiacjoe_overflow_six_doors_small,
          mainiacjoe_overflow_tiny_flanked, chequers_serial_rivers_micro_b,
          uniq_sigmund
D:7:      layout_basic, nzn_hepliaklqana_mist_gate, kennysheep_mini,
          chequers_avenue, chequers_mini_garden, uniq_maggie, uniq_menkaure
D:8:      layout_basic, minmay_statues_item, minmay_misc_feat_square,
          uniq_maurice, uniq_jeremiah
D:9:      layout_small_grid, nicolae_wu_jian_wuxing_cycle, lair_entry_dummy,
          gammafunk_ghost_hive, serial_nicolae_subway,
          nicolae_sub_station_metal, nicolae_sub_station_stone,
          nicolae_sub_station_crystal, uniq_erolcha
D:10:     layout_layer_cave, zombieorc2_lemuel, uniq_psyche, uniq_snorg
Temple:   hellmonk_temple_two_chambers

Skill      XL: |  1  2  3  4  5  6  7  8  9 10 |
---------------+-------------------------------+-----
Shields        | 4 5 |  5.0
Axes           | 3 4 6 8 9 12 14 17 | 17.5
Invocations    | 1 3 5 7 8 |  8.0
Fighting       | |  3.6
Armour         | |  3.6

Action                     |  1- 3 |  4- 6 |  7- 9 | 10-12 || total
---------------------------+-------+-------+-------+-------++-------
  Melee: War axe           |    40 |   162 |   276 |   186 ||   664
         Headbutt          |     4 |    22 |    45 |    38 ||   109
  Throw: Boomerang         |       |       |     5 |       ||     5
 Invoke: Heroism           |       |       |     2 |     3 ||     5
         Finesse           |       |       |       |     2 ||     2
    Use: Scroll            |       |     3 |    15 |     2 ||    20
         Potion            |       |     1 |       |       ||     1
 Armour: Scale mail        |    19 |     3 |       |       ||    22
         Plate armour      |       |    96 |   138 |    95 ||   329
  Dodge: Dodged            |    12 |    54 |    68 |    44 ||   178
  Block: Buckler           |    10 |    34 |    55 |    62 ||   161

Table legend: (Time is in decaauts)
 A = Elapsed time spent in this place.
 B = Non-inter-level travel time spent in this place.
 C = Inter-level travel time spent in this place.
 D = Time resting spent in this place.
 E = Time spent auto-exploring this place.
 F = Levels seen in this place.
 G = Mean time per level.
                   A        B        C        D        E       F      G
               +--------+--------+--------+--------+--------+-----+--------+
         Total |   9090 |   8868 |    222 |    192 |   6247 |  12 |  757.5 |
       Dungeon |   8667 |   8445 |    222 |     81 |   6247 |  10 |  866.7 |
        Temple |     10 |     10 |      0 |      0 |      0 |   1 |   10.0 |
       Ossuary |    411 |    411 |      0 |    111 |      0 |   1 |  411.0 |
               +--------+--------+--------+--------+--------+-----+--------+

Top non-repeatable levels by time:
     D:5: 1275 daAuts
     D:7: 1033 daAuts
     D:4: 1012 daAuts
     D:2: 992 daAuts
     D:3: 907 daAuts
     D:6: 887 daAuts
     D:9: 791 daAuts
     D:8: 753 daAuts
     D:1: 589 daAuts
    D:10: 424 daAuts
 Ossuary: 411 daAuts
  Temple: 10 daAuts
